 Dungeon Crawl Stone Soup version 0.20.0-10-g0535bb4 (webtiles) character file.

303 maniacrov the Slinger (level 6, -7/42 HPs)
             Began as a Halfling Hunter on June 3, 2017.
             Mangled by George's ghost (8 damage)
             ... on level 4 of the Dungeon.
             The game lasted 00:21:49 (2167 turns).

maniacrov the Slinger (Halfling Hunter)             Turns: 2167, Time: 00:21:50

Health: -7/42      AC:  4    Str: 13    XL:     6   Next: 66%
Magic:  15/15      EV: 15    Int:  9    God:
Gold:   115        SH:  0    Dex: 17    Spells: 5/5 levels left

rFire    . . .     SeeInvis .   a - +2 hunting sling
rCold    . . .     Gourm    .   (shield restricted)
rNeg     . . .     Faith    .   c - +1 leather armour
rPois    .         Spirit   .   (no helmet)
rElec    .         Reflect  .   (no cloak)
rCorr    .         Harm     .   (no gloves)
MR       .....                  (no boots)
Stlth    ++........             (no amulet)
Regen    0.2/turn               s - ring of magical power
MPRegen  0.2/turn               (no ring)

@: no status effects
A: mutation resistance 1
a: no special abilities


You were on level 4 of the Dungeon.
You were not hungry.

You visited 1 branch of the dungeon, and saw 4 of its levels.

You collected 115 gold pieces.

Inventory:

Hand Weapons
 a - a +2 hunting sling (weapon)
 b - a +0 short sword
Missiles
 d - 7 sling bullets (quivered)
 e - 129 stones
 n - a throwing net
Armour
 c - a +1 leather armour (worn)
Jewellery
 s - a ring of magical power (left hand)
 t - an uncursed ring of see invisible {unknown}
Wands
 r - a wand of iceblast (5/15)
Scrolls
 j - a scroll of remove curse
Potions
 g - a potion of magic {unknown}
 h - a potion of haste {unknown}
 q - a potion of brilliance {unknown}
Comestibles
 f - 2 bread rations
 l - 2 meat rations
 o - a royal jelly
 v - a fruit


   Skills:
 + Level 3.1 Fighting
 - Level 9.3 Slings
 + Level 1.3 Armour
 - Level 2.5 Dodging
 - Level 1.3 Stealth


You had 5 spell levels left.
You didn't know any spells.

Dungeon Overview and Level Annotations

Branches:
Dungeon (4/15)
 Temple: D:4-7

Altars:
Cheibriados

Annotations:
D:4 George's ghost, novice GrFi


Innate Abilities, Weirdness & Mutations

You are small and have problems with some larger weapons.
You are somewhat resistant to further mutation.


Message History

Okay, then.
You feel better. George's ghost barely misses you.
You feel better. George's ghost closely misses you.
You feel better. George's ghost closely misses you.
As you read the scroll of enchant armour, it crumbles to dust.
Your +0 leather armour glows green for a moment.
George's ghost barely misses you.
Aiming: Iceblast (will waste charges)
Press: ? - help, Shift-Dir - straight line, f/p - George's ghost
Aim: George's ghost (moderately damaged) That beam is likely to hit you.
Continue anyway?
The mass of ice explodes!
The iceblast engulfs George's ghost.
George's ghost is moderately damaged.
The iceblast engulfs you!
Ouch! That really hurt!
* * * LOW HITPOINT WARNING * * *
Evoking this partially-identified wand wasted a few charges.
You hear an angry hiss.
George's ghost hits you!
You die...

#.#......###......##
#.#......# #.###....
#........###........
##.......##...##.###
. #........##...#
....#...........#
###. .#
.....###.###.....
..... ##.....!# ###.
#..@##.## ##
#.(W.......
#.....(......
#..#........)
#..#.........
..(...........
#.###.......... #$
#.(...(....


You could see George's ghost.

Vanquished Creatures
  2 orc priests (D:3)
  2 orc wizards (D:3)
  Natasha (thrice) (D:3)
  2 adders
  An ooze (D:1)
  4 worms
  4 dart slugs
  2 leopard geckos (D:3)
  6 orcs (D:3)
  5 giant cockroaches
  10 hobgoblins
  3 quokkas
  2 ball pythons
  6 bats
  4 frilled lizards
  9 goblins
  5 kobolds
  6 rats
76 creatures vanquished.

Notes
Turn   | Place    | Note
-------+----------+-------------------------------------------
     0 | D:1      | maniacrov the Halfling Hunter began the quest for the Orb.
     0 | D:1      | Reached XP level 1. HP: 14/14 MP: 1/1
    51 | D:1      | Reached skill level 6 in Slings
    51 | D:1      | Reached XP level 2. HP: 19/19 MP: 2/2
   496 | D:1      | Reached XP level 3. HP: 24/24 MP: 3/3
   628 | D:2      | Found a faded altar of an unknown god.
   678 | D:2      | Reached skill level 7 in Slings
   834 | D:2      | Found a snail-covered altar of Cheibriados.
   913 | D:2      | Reached XP level 4. HP: 19/29 MP: 4/4
  1221 | D:3      | Reached XP level 5. HP: 9/35 MP: 5/5
  1252 | D:3      | Noticed Natasha
  1261 | D:3      | Killed Natasha
  1261 | D:3      | Reached skill level 8 in Slings
  1453 | D:3      | Noticed Natasha
  1461 | D:3      | Killed Natasha
  1585 | D:3      | Noticed Natasha
  1587 | D:3      | Killed Natasha
  1599 | D:3      | Reached XP level 6. HP: 34/41 MP: 6/6
  1612 | D:3      | Reached skill level 9 in Slings
  1612 | D:3      | Reached skill level 1 in Armour
  1854 | D:3      | Upgraded the game from 0.20.0-8-g6b59dc7 to 0.20.0-10-g0535bb4
  2146 | D:4      | Noticed George's ghost (novice GrFi)
  2167 | D:4      | HP: 1/42 [shot self (22)]
  2167 | D:4      | Mangled by George's ghost

Skill      XL: |  1  2  3  4  5  6 |
---------------+-------------------+-----
Slings         | 6 7 8 9 |  9.3
Fighting       | 2 3 |  3.1
Armour         | 1 |  1.3
Dodging        | |  2.5
Stealth        | |  1.3

Action                   |  1- 3 |  4- 6 || total
-------------------------+-------+-------++-------
 Fire: Hunting sling     |    82 |   158 ||   240
Throw: Throwing net      |       |     1 ||     1
Evoke: Wand              |       |     1 ||     1
  Use: Scroll            |     1 |     9 ||    10
       Potion            |       |     4 ||     4
  Eat: Bread ration      |       |     1 ||     1
Armor: Leather armour    |     7 |     8 ||    15
Dodge: Dodged            |    24 |    56 ||    80
